 Dungeon Crawl Stone Soup version 0.26.0-18-gc5c842f807 (webtiles) character file.

Game seed: 13940614630922175994

935 thiole the Sneak (level 8, 0/46 HPs)
             Began as an Octopode Hedge Wizard on Jan 24, 2021.
             Slain by an orc wizard
             ... wielding a +0 dagger
              (2 damage)
             ... on level 5 of the Dungeon.
             The game lasted 00:17:39 (6533 turns).

thiole the Sneak (Octopode Hedge Wizard)            Turns: 6533, Time: 00:17:40

Health: 0/46       AC:  1    Str: 10    XL:     8   Next: 11%
Magic:  11/15      EV: 13    Int: 18    God:
Gold:   143        SH:  0    Dex: 11    Spells: 8/16 levels left

rFire    . . .     SeeInvis .   q - +0 trident
rCold    . . .     Faith    .   (no shield)
rNeg     . . .     Spirit   .   b - +0 hat
rPois    .         Reflect  .   (no amulet)
rElec    .         Harm     .   f - ring of wizardry
rCorr    .         Rampage  .   (no ring)
Will     .....                  (no ring)
Stlth    ++++......             (no ring)
HPRegen  0.15/turn              (no ring)
MPRegen  0.14/turn              (no ring)
                                (no ring)
                                (no ring)

@: berserk cooldown, slowed, very slow
A: almost no armour, stealthy swim, amphibious, 8 rings, constrict 8, camouflage
1, gelatinous body 1
a: no special abilities


You were on level 5 of the Dungeon.
You visited 1 branch of the dungeon, and saw 5 of its levels.
You also visited: Ossuary.

You collected 143 gold pieces.

Inventory:

Hand Weapons
 a - a +0 dagger
 q - a +0 trident (weapon)
 t - a +2 quarterstaff of chaos
 x - a +1 long sword of electrocution
Missiles
 e - 48 stones
Armour
 b - a +0 hat (worn)
Jewellery
 f - a ring of wizardry (left tentacle)
Wands
 s - a wand of flame (24)
 u - a wand of random effects (29)
 y - a wand of paralysis (7)
Scrolls
 c - 2 scrolls of fear {unknown}
 d - a scroll of magic mapping
 g - a scroll of identify
 h - a scroll of enchant armour {unknown}
 j - a scroll of blinking {unknown}
 m - a scroll of noise {unknown}
 n - 4 scrolls of remove curse {unknown}
 p - 6 scrolls of teleportation
 v - a scroll of fog {unknown}
 z - 2 scrolls of amnesia {unknown}
Potions
 k - 2 potions of cancellation
 l - a potion of curing {unknown}
 o - a potion of haste
 w - a potion of mutation {unknown}
 A - a potion of degeneration {unknown}
 B - a potion of flight {unknown}


   Skills:
 - Level 2.0 Dodging
 + Level 6.5 Stealth
 + Level 4.8 Spellcasting
 - Level 4.0 Conjurations
 - Level 2.0 Summonings
 - Level 1.0 Translocations
 - Level 5.0 Air Magic


You had 8 spell levels left.
You knew the following spells:

 Your Spells              Type           Power        Failure   Level
a - Magic Dart            Conj           72%          1%          1
b - Call Imp              Summ           11%          3%          2
c - Blink                 Tloc           N/A          6%          2
d - Mephitic Cloud        Conj/Pois/Air  15%          4%          3

Your spell library contained the following spells:

 Spells                   Type           Power        Failure   Level
 Conjure Flame            Conj/Fire      11%          8%          3
 Slow                     Hex            4%           9%          2


Dungeon Overview and Level Annotations

Branches:
Dungeon (5/15)             Temple (0/1) D:5         Ossuary (visited)

Altars:
Dithmenos
Fedhas
Yredelemnul

Shops:
D:4 *


Innate Abilities, Weirdness & Mutations

You cannot wear most types of armour.
You are very stealthy in the water. (Stealth+)
You are amphibious.
You can wear up to eight rings at the same time.
You can use your tentacles to constrict eight enemies at once.
Your skin changes colour to match your surroundings (Stealth+).
Your rubbery body absorbs attacks. (AC +1, EV +1)


Message History

You could not reach far enough!
You are no longer berserk.
You are exhausted.
You feel yourself slow down.
Your shadow imp disappears in a puff of smoke!
You swap places.
Something hits your crimson imp.
Reach: q) +0 trident
Press: ? - help, Dir - move target You reach to attack!
You miss something. Something hits your crimson imp.
Something closely misses your crimson imp.
Reach: q) +0 trident
Press: ? - help, Dir - move target You could not reach far enough!
Your crimson imp disappears in a puff of smoke!
Something hits you.
* * * LOW HITPOINT WARNING * * *
Reach: q) +0 trident
Press: ? - help, Dir - move target You miss something.
Something hits you.
You die...

###########
#.=......(# ..
#.........# ..
#.........# .#
#.........######.#
#.........#......#
.......{@(#.P.P..#
#............P_PP#
#........?#.P...P#
#............P.P.#
#............#.#.#
#.#
##########...#...#
.. ###...#..##
####. .........#
#.... ......#..##
#....


There were no monsters in sight!

Vanquished Creatures
  Grinder (D:4)
  An ice beast (D:5)
  3 ogres
  Blork the orc (D:4)
  A hound (D:4)
  An orc priest (D:5)
  Crazy Yiuf (D:3)
  An iguana (D:5)
  An orc wizard (D:5)
  3 mummies (Ossuary)
  3 gnolls (D:4)
  An ooze (D:2)
  4 adder zombies (Ossuary)
  2 worms
  2 dart slugs
  2 leopard geckos
  3 orcs
  A ball python (D:1)
  4 bats
  2 giant cockroaches (D:4)
  5 goblins
  13 hobgoblins
  3 jackals (D:3)
  2 frilled lizards
  2 goblin zombies (Ossuary)
  4 hobgoblin zombies (Ossuary)
  6 kobolds
  A kobold zombie (Ossuary)
  7 quokka zombies (Ossuary)
  5 rats
86 creatures vanquished.

Vanquished Creatures (collateral kills)
  Eustachio (D:4)
  A water moccasin (D:5)
  A worker ant (D:4)
  A gnoll (D:4)
  2 adders (D:3)
  A quokka (D:5)
  2 goblin zombies (D:5)
9 creatures vanquished.

Vanquished Creatures (others)
  6 fungi (D:5)
6 creatures vanquished.

Grand Total: 101 creatures vanquished

Notes
Turn   | Place    | Note
-------+----------+-------------------------------------------
     0 | D:1      | thiole the Octopode Hedge Wizard began the quest for the
                  | Orb.
     0 | D:1      | Reached XP level 1. HP: 11/11 MP: 4/4
   188 | D:1      | Reached XP level 2. HP: 2/17 MP: 0/6
   628 | D:1      | Reached skill level 3 in Stealth
  1165 | D:1      | Learned a level 2 spell: Call Imp
  1168 | D:1      | Learned a level 2 spell: Blink
  1243 | D:2      | Reached XP level 3. HP: 21/21 MP: 1/7
  1247 | D:2      | Learned a level 3 spell: Mephitic Cloud
  2260 | D:2      | Reached skill level 1 in Air Magic
  2482 | D:3      | Reached XP level 4. HP: 15/27 MP: 1/8
  3140 | D:3      | Found a runed translucent door.
  3141 | D:3      | Noticed Crazy Yiuf
  3154 | D:3      | Killed Crazy Yiuf
  3610 | D:4      | Noticed Blork the orc
  3633 | D:4      | Found Asmiddi's Assorted Antiques.
  3667 | D:4      | Noticed Eustachio
  3701 | D:4      | Found a shadowy altar of Dithmenos.
  3710 | D:4      | Noticed an ogre
  3763 | D:4      | Noticed an ogre
  3786 | D:4      | Killed an ogre
  3787 | D:4      | Reached XP level 5. HP: 14/31 MP: 6/10
  4034 | D:4      | Killed an ogre
  4035 | D:4      | Reached skill level 4 in Stealth
  4035 | D:4      | Reached XP level 6. HP: 19/36 MP: 4/11
  4662 | D:4      | Noticed Grinder
  4683 | D:4      | Paralysed by Grinder for 5 turns
  4699 | D:4      | Paralysed by Grinder for 2 turns
  4703 | D:4      | Killed Grinder
  4704 | D:4      | Reached XP level 7. HP: 27/41 MP: 2/12
  5054 | D:4      | Killed Blork the orc
  5055 | D:4      | Reached skill level 5 in Stealth
  5303 | D:4      | Killed Eustachio
  5325 | D:5      | Entered Level 5 of the Dungeon
  5333 | D:5      | Found a basalt altar of Yredelemnul.
  5438 | D:5      | Found a staircase to the Ecumenical Temple.
  5466 | D:5      | Found a sand-covered staircase.
  5475 | Ossuary  | Entered an ossuary
  6242 | D:5      | Reached skill level 6 in Stealth
  6242 | D:5      | Reached skill level 5 in Air Magic
  6252 | D:5      | Reached XP level 8. HP: 23/46 MP: 14/14
  6492 | D:5      | Found a blossoming altar of Fedhas.
  6518 | D:5      | HP: 1/69 [something/puff of flame (7)]
  6532 | D:5      | HP: 2/46 [something (1)]
  6533 | D:5      | Slain by an orc wizard

Illustrated notes

Levels and vault maps discovered:
D:1:      minmay_arrival_loop, layout_loops_ring, minmay_misc_feat_plants
D:2:      layout_basic
D:3:      kennysheep_big_flooded_room, layout_basic, uniq_crazy_yiuf_cottage
D:4:      layout_layer_cave, serial_shops, shop, grunt_dithmenos_smoke,
          uniq_blork_the_orc, uniq_eustachio, uniq_grinder
D:5:      layout_rooms, fedhas_altar_3, minmay_temple_entry_wispy,
          enter_ossuary_4, basic_altar

Skill      XL: |  1  2  3  4  5  6  7 |
---------------+----------------------+-----
Stealth        | 3 4 6 |  6.5
Conjurations   | 2 3 4 |  4.0
Summonings     | 2 |  2.0
Air Magic      | 1 2 3 5 |  5.0
Spellcasting   | 4 |  4.8
Dodging        | |  2.0
Translocations | |  1.0

Action                   |  1- 3 |  4- 6 |  7- 9 || total
-------------------------+-------+-------+-------++-------
Melee: Dagger            |    19 |       |       ||    19
       Constrict         |     5 |     7 |    11 ||    23
       Tentacles         |     2 |     7 |     9 ||    18
       Trident           |       |    40 |    81 ||   121
 Cast: Magic Dart        |    99 |    29 |    20 ||   148
       Call Imp          |     3 |    22 |    26 ||    51
  Use: Scroll            |       |     4 |     3 ||     7
       Potion            |       |       |     4 ||     4
 Stab: Sleeping          |       |       |     2 ||     2
Armor: Skin              |       |     1 |     2 ||     3
Dodge: Dodged            |    10 |    19 |    42 ||    71
